 Dungeon Crawl Stone Soup version 0.18-a0-1778-gadce9fa (webtiles) character file.

140546 Chiseanne the Peltast (level 16, -10/125 HPs)
             Began as a Demonspawn Monk on Apr 16, 2016.
             Was an Initiate of Gozag.
             Mangled by the 27-headed Lernaean hydra (11 damage)
             ... on level 4 of the Swamp.
             The game lasted 05:05:10 (31990 turns).

Chiseanne the Peltast (Demonspawn Monk)            Turns: 31990, Time: 05:05:11

Health: -10/125    AC: 32    Str: 20    XL:     16   Next: 76%
Magic:  29/29      EV: 10    Int: 17    God:    Gozag
Gold:   2273       SH: 22    Dex: 16    Spells: 4 memorised, 27 levels left

rFire  + + +     SeeInvis +     a - +9 trident of the Pyrrhic Victory {pierce, rPois rC- MR+}
rCold  . . .     Gourm    .     X - +1 chain mail of Restlessness {rF++ rC+ Slay+3} (curse)
rNeg   + + .     Faith    .     Y - +3 shield {rN+}
rPois  +         Spirit   .     Z - +2 helmet
rElec  .         Dismiss  .     R - +2 cloak "Canyas" {rN+ SInv}
rCorr  .         Reflect  +     F - +2 pair of gloves {archery}
SustAt .         Harm     .     (boots unavailable)
MR     ++...                    z - +5 amulet of reflection
Stlth  ..........               v - +3 ring of slaying
                                o - ring of Ufriloyth {+Fly rF+ Str+5 Int+3}

@: grasped by roots, very slow, very resistant to hostile enchantments,
extremely unstealthy
A: talons 3, rough black scales 3, agile 1, fire resistance 1, powered by death
2
a: Potion Petition, Call Merchant, Bribe Branch, Renounce Religion, Evoke Flight


You were on level 4 of the Swamp.
You worshipped Gozag.
Gozag was noncommittal.
You were not hungry.

You visited 5 branches of the dungeon, and saw 30 of its levels.
You also visited: Labyrinth, Ossuary and Volcano.

You collected 13050 gold pieces.
You spent 5911 gold pieces at shops.
You paid 4866 gold pieces to Gozag.

Inventory:

Hand Weapons
 a - the +9 trident of the Pyrrhic Victory (weapon) {pierce, rPois rC- MR+}
   (You bought it in a shop on level 6 of the Dungeon)

   It inflicts extra damage upon your enemies.
   It makes you vulnerable to cold.
   It protects you from poison.
   It affects your resistance to hostile enchantments.
 s - the +8 short sword of Execution {pierce, MR- Int+3 Dex+5}
   (You found it on level 9 of the Dungeon)

   It inflicts extra damage upon your enemies.
   It affects your intelligence (+3).
   It affects your dexterity (+5).
   It affects your resistance to hostile enchantments.
 w - a +0 blowgun
 S - a +5 mace of protection
Missiles
 j - 2 throwing nets (quivered) {!*}
 n - 7 curare-tipped needles {!*}
 W - 56 poisoned needles
Armour
 F - a +2 pair of gloves of archery (worn)
 R - the +2 cloak "Canyas" (worn) {rN+ SInv}
   (You bought it in a shop on level 8 of the Dungeon)

   It protects you from negative energy.
   It lets you see invisible.
 X - the cursed +1 chain mail of Restlessness (worn) {rF++ rC+ Slay+3}
   (You found it on level 13 of the Dungeon)

   It affects your accuracy and damage with ranged weapons and melee attacks
   (+3).
   It greatly protects you from fire.
   It protects you from cold.
   It has a curse placed upon it.
 Y - a +3 shield of positive energy (worn)
 Z - a +2 helmet (worn)
Magical Staves
 D - an uncursed staff of wizardry
Rods
 p - a +2 rod of clouds (10/10)
   (You found it on level 1 of the Swamp)
Jewellery
 o - the ring of Ufriloyth (left hand) {+Fly rF+ Str+5 Int+3}
   (You found it on level 8 of the Lair of Beasts)

   [ring of intelligence]

   It affects your strength (+5).
   It affects your intelligence (+3).
   It protects you from fire.
   It lets you fly.
 v - a +3 ring of slaying (right hand)
 z - a +5 amulet of reflection (around neck)
Wands
 d - a wand of disintegration (12/24)
 e - a wand of lightning (2/15)
Scrolls
 c - 6 scrolls of magic mapping
 k - 2 scrolls of fog
 m - 2 scrolls of enchant weapon
 q - 9 scrolls of remove curse
 A - 2 scrolls of teleportation
 B - 3 scrolls of fear
 C - a scroll of recharging
 M - 6 scrolls of immolation
 U - 5 scrolls of identify
Potions
 g - 6 potions of flight
 h - 3 potions of invisibility
 r - a potion of cancellation
 t - a potion of heal wounds
 u - 13 potions of curing
 x - a potion of agility
 E - 3 potions of resistance
 G - 3 potions of ambrosia
 K - 3 potions of haste
Books
 f - a book of Battle

   Spells                             Type                      Level
   a - Infusion                       Charms                       1
   b - Shroud of Golubria             Charms/Translocation         2
   c - Song of Slaying                Charms                       2
   d - Spectral Weapon                Hexes/Charms                 3
   e - Regeneration                   Charms/Necromancy            3
Miscellaneous
 l - a phial of floods
 y - a plain deck of changes
 O - a lamp of fire
 V - a box of beasts {used: 8}
Comestibles
 b - 3 bread rations
 i - 12 meat rations
 H - 2 beef jerkies


   Skills:
 - Level 11.2 Fighting
 * Level 9.6 Armour
 - Level 13.2 Dodging
 - Level 1.7 Stealth
 - Level 15.6 Shields
 - Level 3.6 Unarmed Combat
 - Level 9.0 Spellcasting
 * Level 11.8 Evocations


You had 27 spell levels left.
You knew the following spells:

 Your Spells              Type           Power        Failure   Level  Hunger
a - Apportation           Tloc           #.........   77%         1    None
b - Summon Butterflies    Summ           #.......     77%         1    None
c - Blink                 Tloc           N/A          92%         2    None
d - Shroud of Golubria    Chrm/Tloc      #.........   92%         2    None


Dungeon Overview and Level Annotations

Branches:
Dungeon (15/15)            Temple (1/1) D:4            Lair (8/8) D:11
  Swamp (4/4) Lair:6       Spider (0/4) Lair:6        Slime (0/6) Lair:6
    Orc (2/2) D:11            Elf (0/3) Orc:2        Vaults (0/5) D:14
 Depths (0/5) D:15

Altars:
Ashenzari
Cheibriados
Dithmenos
Elyvilon
Fedhas
Gozag
Kikubaaqudgha
Makhleb
Nemelex Xobeh
Okawaru
Pakellas
Qazlal
Ru
Sif Muna
Trog
Vehumet
Xom
Yredelemnul
Zin
The Shining One
Beogh

Shops:
D:6 (   D:8 [   D:10 [   D:11 =   D:15 ?   Orc:2 [(=%%%?}   Lair:4 [

Annotations:
D:4 dobroeutro's ghost, amateur GrFi
Swamp:4 Lernaean hydra


Innate Abilities, Weirdness & Mutations

You have claws for feet.
You are completely covered in rough black scales (AC +10, Dex -3).
Your flesh is heat resistant.
You regenerate health from kills.
You are agile. (Dex +2)


Message History

The 27-headed Lernaean hydra bites you but does no damage.
The 27-headed Lernaean hydra bites you!
* * * LOW HITPOINT WARNING * * *
The 27-headed Lernaean hydra bites you but does no damage.
You block the 27-headed Lernaean hydra's attack.
The 27-headed Lernaean hydra bites you.
* * * LOW HITPOINT WARNING * * *
You block the 27-headed Lernaean hydra's attack.
The 27-headed Lernaean hydra bites you!
* * * LOW HITPOINT WARNING * * *
The 27-headed Lernaean hydra bites you but does no damage. x2
The 27-headed Lernaean hydra barely misses you.
The 27-headed Lernaean hydra bites you.
* * * LOW HITPOINT WARNING * * *
The 27-headed Lernaean hydra bites you but does no damage.
The 27-headed Lernaean hydra bites you!
* * * LOW HITPOINT WARNING * * *
The 27-headed Lernaean hydra bites you!
You die...
Your body crumbles into a pile of gold.

..≈# ≈≈ #.≈.≈≈#.≈.≈.≈≈##
≈.≈#≈#≈#≈.#≈≈≈≈#
≈≈≈.≈#§≈≈≈≈≈≈≈≈ #♣♣♣
≈.#≈≈≈#...#≈≈# #≈.♣♣ ♣
§.≈≈≈≈≈≈.≈.≈≈## ##≈.♣♣ ≈♣♣
§§##≈≈≈≈§.D#≈≈######.♣♣♣.♣
≈.##≈#.≈≈.≈≈#≈§§##§.≈♣♣?.♣
≈......D...D.§§D@§§....≈≈♣
≈#.≈≈#.##≈≈≈#.§f#§§.§....♣
#≈≈#≈≈≈D≈≈≈.D§≈####§≈♣≈..♣
#####≈####≈≈#####≈.♣♣♣≈..♣
♣♣ ### #### ≈.♣♣♣≈≈...♣♣≈♣
♣ ♣♣♣.≈≈.≈≈≈♣♣
♣♣.♣♣.#.§≈≈≈♣
♣♣♣≈≈≈......≈♣♣
♣≈.≈≈#......♣♣♣


You could see the 27-headed Lernaean hydra, a shambling mangrove, an
eight-headed hydra and a swamp dragon.

Vanquished Creatures
  A storm dragon (D:14)
  Maud (D:11)
  A stone giant (D:11)
  5 vault guards (D:14)
  Snorg (Lair:6)
  Josephine (Lair:5)
  A minotaur (Lab)
  An ettin (D:14)
  An ogre mage (D:14)
  12 hydras
  A ghost crab (Swamp:3)
  4 catoblepae
  8 death yaks
  7 centaur warriors
  3 alligators
  A tengu warrior (D:14)
  6 orc high priests
  Urug (D:14)
  Nergalle (D:11)
  A hell knight (Volcano)
  4 skeletal warriors (D:13)
  An obsidian statue (D:13)
  A flayed ghost (D:14)
  5 unseen horrors
  5 swamp dragons
  9 hill giants
  4 orc knights
  A necromancer (D:15)
  Pikel (D:5)
  A wolf spider (Lair:6)
  4 deep elf magi
  2 orc sorcerers
  A wizard (D:15)
  7 ugly things
  2 griffons
  A hornet (Swamp:2)
  3 cyclopes
  A naga mage (D:15)
  2 centaur zombies
  21 elephants
  Psyche (D:10)
  12 spiny frogs
  2 gargoyles (D:10)
  A torpor snail (Lair:4)
  8 black mambas
  3 rime drakes
  9 komodo dragons
  2 yaktaurs (D:14)
  A freezing wraith (D:14)
  A kobold demonologist (D:8)
  A tengu conjurer (D:14)
  8 trolls
  Grinder (D:3)
  8 slime creatures
  A jumping spider (Lair:6)
  7 polar bears
  6 giant leeches
  18 blink frogs
  4 bog bodies
  A wolf spider simulacrum (D:15)
  2 centaur simulacra
  2 redbacks (Lair:6)
  6 spriggans
  50 yaks
  A water elemental (D:11)
  9 wyverns
  4 wraiths
  A shadow (D:12)
  A vampire (D:15)
  2 hungry ghosts
  A human (D:14)
  Eustachio (D:5)
  7 hippogriffs
  A steam dragon (D:9)
  15 vampire mosquitoes
  6 basilisks
  Menkaure (D:6)
  A mottled dragon (D:12)
  6 insubstantial wisps (Swamp:2)
  9 wargs
  7 swamp worms
  13 water moccasins
  3 hell hounds (Volcano)
  14 porcupines
  10 swamp drakes
  9 sky beasts
  2 black bears
  24 orc warriors
  4 ice beasts
  A slave (D:5)
  A black bear (shapeshifter) (D:15)
  9 wasps
  6 phantoms
  2 eyes of draining
  6 ogres
  20 centaurs
  5 wolves (Lair:4)
  24 crocodiles
  2 big kobolds
  31 giant frogs
  A wyvern skeleton (D:10)
  7 scorpions
  A water moccasin skeleton (D:7)
  10 killer bees
  2 electric eels
  2 howler monkeys
  18 crimson imps
  10 hounds
  A wasp zombie (D:5)
  15 jellies
  40 orc priests
  Crazy Yiuf (D:3)
  3 giant frog skeletons
  An iron imp (D:5)
  8 centaur skeletons
  12 iguanas
  Ijyb (D:3)
  15 worker ants
  25 orc wizards
  Natasha (thrice) (D:3)
  27 sheep
  A hound zombie (D:9)
  8 mummies (Ossuary)
  4 hound skeletons
  A howler monkey zombie (D:8)
  35 river rats
  16 adders
  5 gnolls
  2 shadow imps
  3 oozes
  2 adder skeletons (D:8)
  An adder zombie (D:8)
  7 worms
  A dart slug (D:4)
  7 giant geckos
  113 orcs
  6 ball pythons
  8 giant cockroaches
  2 gnoll zombies (Ossuary)
  15 goblins
  5 hobgoblins
  12 jackals
  9 quokkas
  7 bats
  2 giant gecko skeletons
  4 giant newts
  2 goblin skeletons (D:5)
  A goblin zombie (D:5)
  3 hobgoblin zombies
  23 kobolds
  A kobold skeleton (D:5)
  3 kobold zombies
  4 orc zombies
  A quokka skeleton (D:7)
  16 rats
  2 fungi
  2 plants (D:11)
1085 creatures vanquished.

Vanquished Creatures (collateral kills)
  Kirke (Lair:8)
  A hydra (Lair:8)
  A death knight (D:13)
  2 freezing wraiths (D:13)
  2 wraiths (D:13)
  2 hogs (Lair:8)
  A hippogriff (Lair:8)
  A crocodile (Lair:8)
11 creatures vanquished.

Vanquished Creatures (others)
  A thorn hunter (Swamp:3)
  A fire giant (D:14)
  Nessos (D:13)
  A swamp dragon (Swamp:3)
  A yaktaur (D:14)
  A slime creature (Swamp:2)
  An orc warrior (D:14)
  An orc priest (Orc:2)
  14 fungi
  17 plants
39 creatures vanquished.

Grand Total: 1135 creatures vanquished

Notes
Turn   | Place    | Note
--------------------------------------------------------------
     0 | D:1      | Chiseanne the Demonspawn Monk began the quest for the Orb.
     0 | D:1      | Reached XP level 1. HP: 18/18 MP: 1/1
   423 | D:1      | Gained mutation: You have sharp toenails. [demonic ancestry]
   423 | D:1      | Reached XP level 2. HP: 21/24 MP: 2/2
  1003 | D:1      | Reached XP level 3. HP: 27/29 MP: 3/3
  1535 | D:2      | Gained mutation: You are partially covered in rough black scales (AC +4, Dex -1). [demonic ancestry]
  1535 | D:2      | Reached XP level 4. HP: 27/37 MP: 4/4
  2386 | D:2      | Gained mutation: You regenerate a little health from kills. [demonic ancestry]
  2386 | D:2      | Reached XP level 5. HP: 41/43 MP: 5/5
  2576 | D:2      | Found a glowing silver altar of Zin.
  3117 | D:3      | Noticed a moth of wrath
  3120 | D:3      | Found a bloodstained altar of Trog.
  3242 | D:3      | Noticed Crazy Yiuf
  3247 | D:3      | Killed Crazy Yiuf
  3277 | D:3      | Noticed Grinder
  3323 | D:3      | Killed Grinder
  3323 | D:3      | Reached skill level 5 in Fighting
  3323 | D:3      | Reached skill level 5 in Dodging
  3323 | D:3      | Reached XP level 6. HP: 38/51 MP: 6/6
  3334 | D:3      | Found a basalt altar of Yredelemnul.
  3409 | D:3      | Noticed Natasha
  3423 | D:3      | Killed Natasha
  3439 | D:3      | Noticed Ijyb
  3449 | D:3      | Noticed Natasha
  3453 | D:3      | Killed Ijyb
  3455 | D:3      | Killed Natasha
  3455 | D:3      | Reached skill level 1 in Armour
  3465 | D:3      | Noticed Natasha
  3472 | D:3      | Killed Natasha
  3472 | D:3      | Gained mutation: You regenerate health from kills. [demonic ancestry]
  3472 | D:3      | Reached XP level 7. HP: 57/57 MP: 7/7
  3812 | D:4      | Found a sand-covered staircase.
  3830 | Ossuary  | Entered an ossuary
  4176 | D:4      | Noticed dobroeutro's ghost (amateur GrFi)
  4581 | D:4      | Found a snail-covered altar of Cheibriados.
  4639 | D:4      | Found a staircase to the Ecumenical Temple.
  4662 | Temple   | Entered the Ecumenical Temple
  4851 | Temple   | Became a worshipper of Gozag Ym Sagoz the Greedy
  5141 | D:5      | Entered Level 5 of the Dungeon
  5159 | D:5      | Found a glowing golden altar of the Shining One.
  5322 | D:5      | Reached XP level 8. HP: 45/65 MP: 8/8
  5412 | D:5      | Found an oddly glowing altar of Pakellas.
  5412 | D:5      | Noticed Eustachio
  5439 | D:5      | Killed Eustachio
  5540 | D:5      | Found a radiant altar of Vehumet.
  5653 | D:5      | Found a shadowy altar of Dithmenos.
  5912 | D:5      | Noticed Pikel
  5922 | D:5      | Killed Pikel
  6123 | D:5      | Gained mutation: You are mostly covered in rough black scales (AC +7, Dex -2). [demonic ancestry]
  6123 | D:5      | Reached XP level 9. HP: 51/74 MP: 9/9
  6713 | D:6      | Noticed Menkaure
  6757 | D:6      | Killed Menkaure
  7125 | D:6      | Bought an iridescent scimitar for 243 gold pieces
  7126 | D:6      | Identified the +7 scimitar of Expedience {pain, *Drain +Blink rC+++ MR-} (You bought it in a shop on level 6 of the Dungeon)
  7799 | D:7      | Found a deep blue altar of Sif Muna.
  7982 | D:6      | Bought a crystal trident for 229 gold pieces
  7983 | D:6      | Identified the +9 trident of the Pyrrhic Victory {pierce, rPois rC- MR+} (You bought it in a shop on level 6 of the Dungeon)
  8080 | D:8      | Identified the Grimoire of Enchanting Calling
  8151 | D:8      | Reached skill level 1 in Shields
  8177 | D:8      | Found Jafu Kaqi's Antique Armour Boutique.
  8271 | D:8      | Reached skill level 2 in Shields
  8380 | D:8      | Noticed a centaur warrior
  8398 | D:8      | Killed a centaur warrior
  8398 | D:8      | Reached skill level 3 in Shields
  8398 | D:8      | Reached XP level 10. HP: 81/85 MP: 10/10
  8658 | D:8      | Reached skill level 10 in Fighting
  8815 | D:8      | Bought a transparent cloak for 285 gold pieces
  8827 | D:8      | Identified the +2 cloak "Canyas" {rN+ SInv} (You bought it in a shop on level 8 of the Dungeon)
  9223 | D:9      | Reached skill level 1 in Spellcasting
  9238 | D:9      | Reached skill level 4 in Shields
  9261 | D:9      | Got an ancient short sword
  9578 | D:9      | Reached skill level 10 in Dodging
  9578 | D:9      | Reached skill level 5 in Shields
  9770 | D:9      | Noticed a red ugly thing
  9783 | D:9      | Killed a red ugly thing
  9967 | D:10     | Entered Level 10 of the Dungeon
  9969 | D:10     | Noticed a hill giant
  9983 | D:10     | Killed a hill giant
  9983 | D:10     | Gained mutation: You have razor-sharp toenails. [demonic ancestry]
  9983 | D:10     | Reached XP level 11. HP: 90/90 MP: 16/16
 10057 | D:10     | Noticed an unseen horror
 10089 | D:10     | Killed an unseen horror
 10165 | D:10     | Noticed a hill giant
 10176 | D:10     | Killed a hill giant
 10176 | D:10     | Reached skill level 6 in Shields
 10183 | D:10     | Noticed Psyche
 10198 | D:10     | Killed Psyche
 10400 | D:10     | Noticed a hill giant
 10416 | D:10     | Reached skill level 5 in Spellcasting
 10420 | D:10     | Killed a hill giant
 10786 | D:10     | Noticed a hill giant
 10798 | D:10     | Killed a hill giant
 10798 | D:10     | Reached skill level 7 in Shields
 10958 | D:10     | Noticed a hill giant
 10959 | D:10     | Noticed an unseen horror
 10973 | D:10     | Killed a hill giant
 10985 | D:10     | Noticed a centaur warrior
 10992 | D:10     | Killed a centaur warrior
 11002 | D:10     | HP: 4/90 [unseen horror (9)]
 11014 | D:10     | Killed an unseen horror
 11243 | D:10     | Bought a shimmering ring mail for 243 gold pieces
 11254 | D:10     | Identified the cursed +1 ring mail "Nicvumoc" {Dex+5} (You bought it in a shop on level 10 of the Dungeon)
 11270 | D:11     | Noticed a white ugly thing
 11309 | D:11     | Killed a white ugly thing
 11309 | D:11     | Reached XP level 12. HP: 78/97 MP: 21/21
 11319 | D:10     | Bought a pair of runed gloves for 121 gold pieces
 11539 | D:11     | Reached skill level 8 in Shields
 11559 | D:11     | Found a staircase to the Lair.
 11710 | D:11     | Found a staircase to the Orcish Mines.
 11917 | D:11     | Noticed Nergalle
 11938 | D:11     | Identified the +8 short sword of Execution {pierce, MR- Int+3 Dex+5} (You found it on level 9 of the Dungeon)
 12093 | D:11     | Killed Nergalle
 12185 | D:11     | Noticed Maud
 12215 | D:11     | Killed Maud
 12467 | D:10     | Bought a blackened leather armour for 189 gold pieces
 12482 | D:10     | Identified the cursed +0 leather armour of Jotyec {*Drain rC- MR++ rCorr} (You bought it in a shop on level 10 of the Dungeon)
 12665 | D:12     | Identified the Grimoire of the Escort and Displacement
 12703 | D:12     | Reached skill level 9 in Shields
 13516 | D:13     | Noticed Nessos
 13683 | D:13     | Noticed a centaur warrior
 13690 | D:13     | Killed a centaur warrior
 13891 | D:13     | Noticed a six-headed hydra
 14231 | Orc:1    | Entered Level 1 of the Orcish Mines
 14571 | Orc:1    | Found a roughly hewn altar of Beogh.
 14574 | Orc:1    | Noticed a stone giant
 15313 | D:11     | Bought a cursed ring of loudness for 67 gold pieces
 15313 | D:11     | Bought a cursed amulet of inaccuracy for 30 gold pieces
 15331 | Orc:2    | Entered Level 2 of the Orcish Mines
 15362 | Orc:2    | Gained mutation: You have claws for feet. [demonic ancestry]
 15362 | Orc:2    | Reached XP level 13. HP: 53/103 MP: 25/25
 15367 | Orc:2    | Found Otom's Gadget Shop.
 15417 | Orc:2    | Found a dark tunnel.
 15422 | Volcano  | Entered a volcano
 16424 | D:11     | Bought the ring of Fusmepu {SustAt MR+ Str+3} for 546 gold pieces
 16716 | Orc:2    | Found a staircase to the Elven Halls.
 16783 | Orc:2    | Reached skill level 10 in Shields
 17028 | Orc:2    | Found Nicsarru's Food Emporium.
 17028 | Orc:2    | Found Yphothag's Magic Scroll Shop.
 17061 | Orc:2    | Bought a beef jerky for 16 gold pieces
 17061 | Orc:2    | Bought a royal jelly for 22 gold pieces
 17074 | Orc:2    | Bought a scroll of acquirement for 624 gold pieces
 17074 | Orc:2    | Bought a scroll of identify for 24 gold pieces
 17074 | Orc:2    | Bought a scroll of identify for 24 gold pieces
 17080 | Orc:2    | Bought a scroll of identify for 24 gold pieces
 17080 | Orc:2    | Bought a scroll of identify for 24 gold pieces
 17080 | Orc:2    | Bought a scroll of teleportation for 36 gold pieces
 17080 | Orc:2    | Bought a scroll of immolation for 42 gold pieces
 17080 | Orc:2    | Bought a scroll of remove curse for 36 gold pieces
 17080 | Orc:2    | Bought a scroll of immolation for 42 gold pieces
 17087 | Orc:2    | Gained mutation: You are agile. (Dex +2) [potion of beneficial mutation]
 17121 | Orc:2    | Found a roughly hewn altar of Beogh.
 17156 | Orc:2    | Found Borik's Food Boutique.
 17166 | Orc:2    | Bought a slice of pizza for 18 gold pieces
 17166 | Orc:2    | Bought 4 fruits for 72 gold pieces
 17166 | Orc:2    | Bought a beef jerky for 18 gold pieces
 17394 | Orc:2    | Found Paodoski's Armour Emporium.
 17490 | Orc:2    | Found Fasmaa's Jewellery Emporium.
 17494 | Orc:2    | Found Wexta's Food Shop.
 17807 | Orc:2    | Bought a slice of pizza for 15 gold pieces
 17807 | Orc:2    | Bought a beef jerky for 15 gold pieces
 17807 | Orc:2    | Bought a beef jerky for 15 gold pieces
 17807 | Orc:2    | Bought a beef jerky for 15 gold pieces
 17869 | Orc:2    | Found Ywozat Ywebb's Antique Weapon Shoppe.
 18084 | D:11     | Bought a +3 ring of slaying for 675 gold pieces
 18115 | D:11     | Killed a stone giant
 18155 | Lair:1   | Entered Level 1 of the Lair of Beasts
 20089 | Lair:3   | Reached skill level 11 in Shields
 20778 | Lair:4   | Gained mutation: You are completely covered in rough black scales (AC +10, Dex -3). [demonic ancestry]
 20778 | Lair:4   | Reached XP level 14. HP: 81/113 MP: 27/27
 20923 | Lair:4   | Reached skill level 12 in Shields
 22174 | Lair:5   | Noticed Josephine
 22239 | Lair:5   | Got a steaming scale mail
 22240 | Lair:5   | Identified the cursed +1 scale mail of Melancholy {rPois rC- Dex+8} (You found it on level 5 of the Lair of Beasts)
 22260 | Lair:5   | Killed Josephine
 22260 | Lair:5   | Reached skill level 13 in Shields
 22893 | Lair:6   | Found a staircase to the Slime Pits.
 23085 | Lair:6   | Noticed Snorg
 23103 | Lair:6   | Killed Snorg
 23303 | Lair:6   | Got a steaming scale mail
 23304 | Lair:6   | Identified the cursed +0 scale mail of Winter {rC+} (You found it on level 6 of the Lair of Beasts)
 23412 | Lair:6   | Found a staircase to the Swamp.
 23587 | Lair:6   | Found a hole to the Spider Nest.
 23604 | Lair:6   | Reached skill level 14 in Shields
 23815 | Lair:6   | Learned a level 1 spell: Summon Butterflies
 24188 | Lair:7   | Reached skill level 1 in Evocations
 25063 | Lair:8   | Entered Level 8 of the Lair of Beasts
 25273 | Lair:8   | Gained mutation: Your flesh is heat resistant. [demonic ancestry]
 25273 | Lair:8   | Reached XP level 15. HP: 119/119 MP: 28/28
 25420 | Lair:8   | Noticed Kirke
 25429 | Lair:8   | Killed Kirke
 25429 | Lair:8   | Reached skill level 5 in Evocations
 26009 | Lair:8   | Reached skill level 15 in Shields
 26498 | Lair:8   | Got a coiled platinum ring
 26499 | Lair:8   | Identified the ring of Ufriloyth {+Fly rF+ Str+5 Int+3} (You found it on level 8 of the Lair of Beasts)
 26775 | D:10     | Bought a scorched fire dragon armour for 1755 gold pieces
 26776 | D:10     | Identified the +8 fire dragon armour of Pride {rF++ rC- Int+2} (You bought it in a shop on level 10 of the Dungeon)
 26960 | D:13     | Killed Nessos
 26961 | D:13     | Chiseanne: lawl!
 27250 | D:13     | Got a jewelled chain mail
 27344 | D:13     | Identified the cursed +1 chain mail of Restlessness {rF++ rC+ Slay+3} (You found it on level 13 of the Dungeon)
 27962 | D:14     | Noticed Urug
 27980 | D:14     | Killed Urug
 28052 | D:14     | Found a labyrinth entrance.
 28085 | Lab      | Entered a labyrinth
 28217 | Lab      | Reached skill level 5 in Armour
 28222 | Lab      | Got an encrusted plate armour
 28232 | Lab      | Got a polished dagger
 28242 | Lab      | Identified the +7 plate armour of Loosk {+Blink rElec rPois} (You took it off a minotaur in a labyrinth)
 28243 | Lab      | Identified the cursed +1 dagger "Bamieb" {pierce, Dex+6} (You found it in a labyrinth)
 28780 | D:14     | Found a gate to the Vaults.
 28950 | D:14     | Reached XP level 16. HP: 125/125 MP: 29/29
 29027 | D:14     | Noticed a storm dragon
 29040 | D:14     | Killed a storm dragon
 29091 | D:14     | Reached skill level 10 in Evocations
 29329 | D:15     | Entered Level 15 of the Dungeon
 29843 | D:15     | Found a sparkling altar of Nemelex Xobeh.
 29967 | D:15     | Found a staircase to the Depths.
 30005 | D:15     | Learned a level 1 spell: Apportation
 30008 | D:15     | Learned a level 2 spell: Blink
 30011 | D:15     | Learned a level 2 spell: Shroud of Golubria
 30270 | D:15     | Bought a scroll of holy word for 97 gold pieces
 30270 | D:15     | Bought a scroll of teleportation for 39 gold pieces
 30270 | D:15     | Bought a scroll of fear for 45 gold pieces
 30270 | D:15     | Bought a scroll of magic mapping for 45 gold pieces
 30270 | D:15     | Bought a scroll of identify for 26 gold pieces
 30270 | D:15     | Bought a scroll of magic mapping for 45 gold pieces
 30270 | D:15     | Bought a scroll of identify for 26 gold pieces
 30270 | D:15     | Bought a scroll of recharging for 123 gold pieces
 30873 | Swamp:1  | Entered Level 1 of the Swamp
 31080 | Swamp:1  | Identified a +2 rod of clouds (10/10) (You found it on level 1 of the Swamp)
 31770 | Swamp:3  | Noticed a thorn hunter
 31772 | Swamp:4  | Entered Level 4 of the Swamp
 31861 | Swamp:3  | Killed a thorn hunter
 31973 | Swamp:4  | Noticed the 27-headed Lernaean hydra
 31990 | Swamp:4  | HP: 1/125 [the 27-headed Lernaean hydra (7)]
 31990 | Swamp:4  | Mangled by the 27-headed Lernaean hydra

Vault maps used:
D:1:      dpeg_arrival_stone_temple_mockup
D:2:      zin_academy, serial_bayou, serial_bayou_pond_c, serial_bayou_pond_d,
          serial_bayou_pond_d, serial_bayou_lake_a, serial_bayou_crossing,
          minmay_snake_closets
D:3:      tgw_trog, lemuel_round_altar, serial_glass, glass_columns_a,
          glass_columns_c, minmay_strange_pillars, item_on_display_a,
          cheibrodos_gnoll_hut, uniq_natasha, uniq_crazy_yiuf_cottage,
          uniq_iyjb, uniq_grinder
D:4:      kennysheep_little_box, minmay_temple_entry_water_ring,
          chequers_ossuary_entry_cave
D:5:      kennysheep_mini, nicolae_tso_besieged_by_evil, old_standard_altar,
          first_bread, basic_altar, minmay_ogre_servants, uniq_pikel,
          uniq_eustachio
D:6:      kennysheep_generic_room_11, uniq_menkaure
D:7:      nicolae_overflow_hidden_temple
D:8:      kennysheep_blocky_room, serial_shops, nicolae_shop_window_shopping
D:9:      the_bakery
D:10:     minmay_quarter_circles, serial_park_tiny_pond, corexii_corridor_pit,
          uniq_psyche
D:11:     erik_lair_orcish_takeover, hiddenorc1_lemuel, serial_bayou,
          serial_bayou_pond_a, serial_bayou_lagoon_b, serial_bayou_pond_c,
          serial_bayou_pond_a, serial_bayou_pond_c, minmay_misc_feat_pillars,
          uniq_nergalle, uniq_maud
D:12:     minmay_misc_feat_five
D:13:     minmay_protected_statue, uniq_nessos
D:14:     minmay_two_paths, grunt_vaults_entry_fortified, lab_entry_generic,
          uniq_urug
D:15:     grunt_enter_depths_magical_seal, roderic_lattice_octagonal_star,
          moated_statue, nemelex_xobeh_ov_fountains_minmay
Temple:   chambers_temple_12
Lair:4:   beast_lair_carwin_8, grunt_megastairs_2
Lair:5:   beast_lair_carwin_7, uniq_josephine
Lair:6:   minmay_swamp_entry_swarm, spider_nest_entry_funnel_web,
          minmay_slime_entry_jelly_boxes, infiniplex_staircase_pool,
          grunt_megastairs_3, uniq_snorg
Lair:7:   serial_bayou_shore_b
Lair:8:   evilmike_catoblepas_cave, lookout_lair_type, uniq_kirke
Swamp:1:  evilmike_swamp_ruin_house_1
Swamp:2:  serial_swamp_ruin, evilmike_swamp_ruin_house_5,
          evilmike_swamp_ruin_rubble_1
Swamp:3:  hangedman_swamp_blocks
Swamp:4:  swamp_old_school, swamp_pool2
Orc:1:    basic_altar, nicolae_orc_stony_grotto, amalloy_card_club
Orc:2:    st_orc_town, enter_volcano_2, serial_shops, shop, shop, shop_statue,
          shop, abandoned_shop
Lab:      nicolae_lab_dead_adventurers
Ossuary:  ossuary_tomb_3
Volcano:  volcano_pools

Skill      XL: |  1  2  3  4  5  6  7  8  9 10 11 12 13 14 15 16 |
---------------+-------------------------------------------------+-----
Dodging        | 3 4 5 6 7 9 10 11 12 13 | 13.2
Fighting       | 4 5 6 7 9 10 11 | 11.2
Armour         | 1 2 4 6 9 |  9.6
Shields        | 3 5 7 9 11 14 15 | 15.6
Spellcasting   | 3 6 8 9 |  9.0
Evocations     | 4 9 11 | 11.8
Stealth        | |  1.7
Unarmed Combat | |  3.6

Action                   |  1- 3 |  4- 6 |  7- 9 | 10-12 | 13-15 | 16-18 || total
-------------------------+-------+-------+-------+-------+-------+-------++-------
Melee: Unarmed           |   141 |    87 |       |       |       |       ||   228
       Kick              |    20 |    39 |    55 |       |   698 |   196 ||  1008
       Short sword       |       |   120 |   411 |     2 |       |       ||   533
       Punch             |       |     3 |     5 |       |       |       ||     8
       Trident           |       |       |    76 |   943 |  2045 |   530 ||  3594
       Scimitar          |       |       |    61 |   225 |       |       ||   286
       War axe           |       |       |       |       |     3 |       ||     3
 Fire: Blowgun           |       |       |       |    21 |       |       ||    21
Throw: Throwing net      |       |       |       |     2 |     1 |       ||     3
Invok: Call Merchant     |       |       |     1 |     2 |     1 |     1 ||     5
       Potion Petition   |       |       |       |     2 |     1 |       ||     3
Evoke: Deck              |       |       |       |     4 |     4 |       ||     8
       Wand              |       |       |       |     4 |    22 |     1 ||    27
       Box of beasts     |       |       |       |       |     5 |     3 ||     8
       Lamp of fire      |       |       |       |       |     2 |       ||     2
       Phial of floods   |       |       |       |       |     2 |       ||     2
       Rod               |       |       |       |       |       |     1 ||     1
  Use: Scroll            |     7 |     4 |    10 |    12 |    25 |     5 ||    63
       Potion            |       |       |     5 |     9 |     6 |     6 ||    26
 Stab: Sleeping          |     4 |     1 |    12 |    13 |    26 |       ||    56
       Distracted        |     1 |       |       |     2 |     8 |     2 ||    13
       Invisible         |       |       |       |     2 |       |       ||     2
       Petrifying        |       |       |       |       |     1 |       ||     1
       Petrified         |       |       |       |       |     1 |       ||     1
       Confused          |       |       |       |       |       |     1 ||     1
  Eat: Chunk             |     2 |     7 |     5 |       |       |       ||    14
       Beef jerky        |       |       |     2 |     2 |     6 |       ||    10
       Pizza             |       |       |     2 |       |     4 |       ||     6
       Royal jelly       |       |       |     1 |       |     1 |       ||     2
       Fruit             |       |       |     5 |     2 |     4 |       ||    11
       Bread ration      |       |       |     1 |     6 |     6 |     3 ||    16
Armor: Robe              |    22 |    71 |    54 |   510 |   562 |       ||  1219
       Ring mail         |       |     7 |   125 |       |       |       ||   132
       Skin              |       |       |    16 |       |       |       ||    16
       Chain mail        |       |       |       |       |   104 |   418 ||   522
Dodge: Dodged            |    85 |   189 |   394 |   826 |  1412 |   381 ||  3287
Block: Large shield      |       |       |    27 |  1198 |  2602 |       ||  3827
       Reflection        |       |       |       |       |    39 |    13 ||    52
       Shield            |       |       |       |       |   347 |   867 ||  1214
